 Dungeon Crawl Stone Soup version 0.28-a0-1087-gf3fc490d9d (webtiles) character file.

Game seed: 5856702569989964829

97 mainiacjoe the Firebug (level 4, -3/33 HPs)
             Began as a Hill Orc Fire Elementalist on Dec 10, 2021.
             Killed from afar by Sigmund (6 damage)
             ... with a magic dart
             ... on level 2 of the Dungeon.
             The game lasted 00:06:27 (2526 turns).

mainiacjoe the Firebug (Hill Orc Fire Elementalist) Turns: 2526, Time: 00:06:28

Health: -3/33      AC:  2    Str: 10    XL:     4   Next: 68%
Magic:  3/8        EV: 12    Int: 17    God:
Gold:   79         SH:  0    Dex: 11    Spells: 2/8 levels left

rFire   . . .      SeeInvis .   h - +0 short sword
rCold   . . .      Faith    .   (no shield)
rNeg    . . .      Spirit   .   a - +0 robe
rPois   .          Reflect  .   (no helmet)
rElec   .          Harm     .   (no cloak)
rCorr   .          Rampage  .   (no gloves)
Will    .....                   (no boots)
Stlth   ++........              (no amulet)
HPRegen 0.11/turn               (no ring)
MPRegen 0.11/turn               (no ring)

@: no status effects
A: no striking features
a: no special abilities


You were on level 2 of the Dungeon.
You visited 1 branch of the dungeon, and saw 2 of its levels.

You collected 79 gold pieces.

Inventory:

Hand Weapons
 d - a +0 dagger
 h - a +0 short sword (weapon)
Missiles
 c - 80 stones
 g - 27 arrows
Armour
 a - a +0 robe (worn)
Scrolls
 b - a scroll of silence {unknown}
 e - a scroll of immolation {unknown}
 f - a scroll of identify
 k - a scroll of amnesia
 l - a scroll of blinking {unknown}
 m - a scroll of fear {unknown}
Potions
 i - 2 potions of curing {unknown}
 j - 3 potions of heal wounds
 n - a potion of mutation {unknown}


   Skills:
 - Level 1.5 Dodging
 - Level 1.5 Stealth
 + Level 2.8 Spellcasting
 - Level 1.0 Conjurations
 + Level 4.7 Fire Magic


You had 2 spell levels left.
You knew the following spells:

 Your Spells              Type           Power      Damage    Failure   Level
a - Foxfire               Conj/Fire      48%        2x1d6     5%          1
b - Scorch                Fire           36%        2d6       4%          2
z - Conjure Flame         Conj/Fire      12%        6-21      17%         3

Your spell library contained the following spells:

 Spells                   Type           Power      Damage    Failure   Level
 Ensorcelled Hibernation  Hex/Ice        4%         N/A       26%         2
 Inner Flame              Hex/Fire       10%        N/A       21%         3
 Spider Form              Tmut/Pois      2%         N/A       47%         3
 Flame Wave               Conj/Fire      12%        2d5       50%         4


Dungeon Overview and Level Annotations

Branches:
Dungeon (2/15)

Altars:

Shops:
D:1 =

Annotations:
D:2 Sigmund


Message History

HP restored.
There is a stone staircase leading down here.
You climb downwards.
Level annotation: Sigmund
There is a stone staircase leading up here.
Sigmund casts a spell.
Sigmund flickers and vanishes!
Deactivating autopickup; reactivate with Ctrl-A.
You are confused.
A puff of flame appears from out of thin air!
The puff of flame hits you.
Unknown command.
A magic dart appears from out of thin air!
The magic dart hits you.
You feel less confused.
Casting: Foxfire (safe; 5% risk of failure)
Confirm with . or Enter, or press ? or * to list all spells.
You conjure some foxfire!
Something hits you!
Casting: Foxfire (safe; 5% risk of failure)
Confirm with . or Enter, or press ? or * to list all spells.
You conjure some foxfire!
The foxfire hits something.
The foxfire hits something but does no damage.
Casting: Foxfire (safe; 5% risk of failure)
Confirm with . or Enter, or press ? or * to list all spells.
You conjure some foxfire!
The foxfire hits something.
The foxfire hits something but does no damage.
Something hits you.
Casting: Foxfire (safe; 5% risk of failure)
Confirm with . or Enter, or press ? or * to list all spells.
You conjure some foxfire!
The foxfire hits something.
Something hits you!
* * * LOW HITPOINT WARNING * * *
The foxfire hits something.
The foxfire hits something but does no damage.
The foxfire hits something.
Casting: Foxfire (safe; 5% risk of failure)
Confirm with . or Enter, or press ? or * to list all spells.
You conjure some foxfire!
A magic dart appears from out of thin air!
The magic dart hits you.
You die...

.##...#.#....###.#........##.#
..###...#..........>...<..##.#
..# ##.................#####.#
..####..........#.........##.#
..##............##.#...##.##.###
..#..##.....##...#......#.#....#
....##...#..#..#..###..........#
................#v.####........##
..#.#......####.@v....#.##.....#.
###.#....#.# ##......#.......<..
.##.#....### #{.....#####......
.#..#....# #......# #....#.
.#.##....# #......# ######.
...##....# #......# #. .####....#
#......# ## ## #....# #......# #
###### #......##


There were no monsters in sight!

Vanquished Creatures
  A hound (D:2)
  3 adders (D:2)
  An adder skeleton (D:2)
  A dart slug (D:2)
  4 ball pythons
  4 bats
  6 endoplasms
  A giant cockroach (D:1)
  3 goblins
  3 hobgoblins (D:2)
  2 jackals (D:2)
  A kobold (D:1)
  A quokka (D:1)
  2 frilled lizards
  2 rats (D:2)
35 creatures vanquished.

Vanquished Creatures (others)
  108 foxfires
108 creatures vanquished.

Grand Total: 143 creatures vanquished

Notes
Turn   | Place    | Note
-------+----------+-------------------------------------------
     0 | D:1      | mainiacjoe the Hill Orc Fire Elementalist began the quest
                  | for the Orb.
     0 | D:1      | Reached XP level 1. HP: 14/14 MP: 3/3
   655 | D:1      | Reached XP level 2. HP: 20/20 MP: 1/4
   658 | D:1      | Learned a level 2 spell: Scorch
   691 | D:1      | Found Gerphu's Jewellery Shoppe.
  1024 | D:1      | Found a faded altar of an unknown god.
  1324 | D:2      | Reached skill level 4 in Fire Magic
  1324 | D:2      | Reached XP level 3. HP: 4/26 MP: 0/6
  1850 | D:2      | Reached XP level 4. HP: 33/33 MP: 2/7
  1854 | D:2      | Learned a level 3 spell: Conjure Flame
  2040 | D:2      | Noticed Sigmund
  2526 | D:2      | Killed from afar by Sigmund

Illustrated notes

Levels and vault maps discovered:
D:1:      dpeg_arrival_arbitrary_a, layout_loops_cross, serial_shops,
          nicolae_diamond_shop, hellmonk_ecumenical_altar_leap_of_faith
D:2:      layout_rooms, st_stairs_9, minmay_3d_cube, uniq_sigmund

Skill      XL: |  1  2 |
---------------+-------+-----
Spellcasting   | 2 |  2.8
Fire Magic     | 4 |  4.7
Dodging        | |  1.5
Stealth        | |  1.5
Conjurations   | |  1.0

Action                   |  1- 3 |  4- 6 || total
-------------------------+-------+-------++-------
Melee: Unarmed           |     4 |       ||     4
       Short sword       |    11 |     9 ||    20
 Cast: Foxfire           |    41 |    21 ||    62
       Scorch            |     2 |     3 ||     5
  Use: Scroll            |     3 |       ||     3
Armor: Robe              |    16 |     1 ||    17
Dodge: Dodged            |    37 |    10 ||    47

Table legend: (Time is in decaauts)
 A = Elapsed time spent in this place.
 B = Non-inter-level travel time spent in this place.
 C = Inter-level travel time spent in this place.
 D = Time resting spent in this place.
 E = Time spent auto-exploring this place.
 F = Levels seen in this place.
 G = Mean time per level.
                   A        B        C        D        E       F      G
               +--------+--------+--------+--------+--------+-----+--------+
         Total |   2528 |   2479 |     49 |    866 |   1206 |   2 | 1264.0 |
       Dungeon |   2528 |   2479 |     49 |    866 |   1206 |   2 | 1264.0 |
               +--------+--------+--------+--------+--------+-----+--------+

Top non-repeatable levels by time:
     D:1: 1560 daAuts
     D:2: 968 daAuts
